 Dungeon Crawl Stone Soup version 0.27-a0-1123-g2f9bb313c0 (webtiles) character file.

Game seed: 16075543441430088680

4 robertstho the Chopper (level 1, 0/20 HPs)
             Began as a Minotaur Berserker on May 3, 2021.
             Was a Follower of Trog.
             Slain by an adder (4 damage)
             ... on level 2 of the Dungeon.
             The game lasted 00:00:10 (108 turns).

robertstho the Chopper (Minotaur Berserker)          Turns: 108, Time: 00:00:11

Health: 0/20       AC:  2    Str: 21    XL:     1   Next: 50%
Magic:  0/0        EV: 12    Int:  4    God:    Trog [*.....]
Gold:   0          SH:  0    Dex:  9    Spells: 0/0 levels left

rFire    . . .     SeeInvis .   a - +0 hand axe
rCold    . . .     Faith    .   (no shield)
rNeg     . . .     Spirit   .   b - +0 animal skin
rPois    .         Reflect  .   (helmet restricted)
rElec    .         Harm     .   (no cloak)
rCorr    .         Rampage  .   (no gloves)
Will     .....                  (no boots)
Stlth    +.........             (no amulet)
HPRegen  0.06/turn              (no ring)
MPRegen  0.07/turn              (no ring)

@: on berserk cooldown, slowed, very slow
A: horns 2, retaliatory headbutt
a: Renounce Religion, Berserk


You were on level 2 of the Dungeon.
You worshipped Trog.
Trog was aware of your devotion.
You visited 1 branch of the dungeon, and saw 2 of its levels.

Inventory:

Hand Weapons
 a - a +0 hand axe (weapon)
Armour
 b - a +0 animal skin (worn)
Potions
 c - a potion of curing {unknown}


   Skills:
 + Level 3.7 Fighting
 + Level 3.8 Axes
 + Level 2.4 Armour
 + Level 2.2 Dodging


You couldn't memorise any spells.
You didn't know any spells.
Your spell library was empty.

Dungeon Overview and Level Annotations

Branches:
Dungeon (1/15)

Altars:


Innate Abilities, Weirdness & Mutations

You have a pair of horns on your head.
You reflexively headbutt those who attack you in melee.


Message History

The worm bites you!
Ouch! That really hurt!
You are too injured to fight recklessly!
You are too injured to fight recklessly!
A red film seems to cover your vision as you go berserk!
You feel yourself moving faster!
You feel mighty! The worm barely misses you.
You barely miss the worm.
The worm is moderately wounded.
You slash the worm!
The worm is almost dead.
The worm barely misses you.
You barely miss the worm. You headbutt the worm.
You kill the worm!
Trog accepts your kill. The bat hits you but does no damage.
You miss the bat. The bat barely misses you.
The bat hits you but does no damage.
You see here a worm corpse.
You feel a strong urge to attack something.
The bat hits you but does no damage. The bat closely misses you.
You slash the bat!
You kill the bat!
Trog accepts your kill.
You feel a strong urge to attack something.
An adder comes into view.
The adder hisses angrily.
You are no longer berserk.
You are exhausted.
You feel yourself slow down. The adder closely misses you.
You hit the adder. Your headbutt misses the adder.
The adder is moderately wounded.
The adder bites you.
* * * LOW HITPOINT WARNING * * *
The adder completely misses you.
You closely miss the adder.
The adder is moderately wounded.
The adder bites you.
* * * LOW HITPOINT WARNING * * *
The adder bites you.
You die...

#.# #.# #.# ####.##
#.....
####....####..#
+..............
#.S@.## #..#..#
#.###.# #. #†# #+#
#.###.###.# #.#
#..:......#
#.############.#####
##.##........##.#
####...#.######.##.#


You could see an adder.

Vanquished Creatures
  A worm (D:2)
  A bat (D:2)
2 creatures vanquished.

Notes
Turn   | Place    | Note
-------+----------+-------------------------------------------
     0 | D:1      | robertstho the Minotaur Berserker began the quest for the
                  | Orb.
     0 | D:1      | Reached XP level 1. HP: 19/19 MP: 0/0
    61 | D:1      | You fall into a shaft and drop 1 floor!
   108 | D:2      | Slain by an adder

Illustrated notes

Levels and vault maps discovered:
D:1:      elethiomel_arrival_maze, layout_basic, basic_ecumenical_altar,
          minmay_misc_feat_ornament, minmay_misc_feat_square
D:2:      layout_loops_corners, uniq_natasha

Action                   || total
-------------------------++-------
Melee: Hand axe          ||     8
       Headbutt          ||     2
Invok: Berserk           ||     1
Armor: Animal skin       ||     3
Dodge: Dodged            ||     6

Table legend: (Time is in decaauts)
 A = Elapsed time spent in this place.
 B = Non-inter-level travel time spent in this place.
 C = Inter-level travel time spent in this place.
 D = Time resting spent in this place.
 E = Time spent auto-exploring this place.
 F = Levels seen in this place.
 G = Mean time per level.
                   A        B        C        D        E       F      G
               +--------+--------+--------+--------+--------+-----+--------+
         Total |    105 |    105 |      0 |      0 |     88 |   2 |   52.5 |
       Dungeon |    105 |    105 |      0 |      0 |     88 |   2 |   52.5 |
               +--------+--------+--------+--------+--------+-----+--------+

Top non-repeatable levels by time:
     D:1: 61 daAuts
     D:2: 44 daAuts
